 Dungeon Crawl Stone Soup version 0.27-a0-1123-g2f9bb313c0 (webtiles) character file.

Game seed: 7560978980127392613

2646 robertstho the Thaumaturge (level 9, -8/58 HPs)
             Began as a Djinni Fire Elementalist on May 3, 2021.
             Mangled by Joseph
             ... wielding a +0 quarterstaff
              (13 damage)
             ... on level 7 of the Dungeon.
             The game lasted 00:11:05 (8896 turns).

robertstho the Thaumaturge (DjFE)                   Turns: 8896, Time: 00:11:05

Health: -8/58      AC: 10    Str:  7    XL:     9   Next: 62%
Gold:   81         EV: 17    Int: 21    God:
                   SH:  0    Dex: 13

rFire    + + +     SeeInvis +   g - +2 dagger (drain)
rCold    x . .     Faith    .   (no shield)
rNeg     + . .     Spirit   .   i - +0 robe {rF+}
rPois    ∞         Reflect  .   (no helmet)
rElec    .         Harm     .   A - +0 cloak
rCorr    .         Rampage  .   y - +2 pair of gloves "Wyatutwucvo" {rF+ rN+ SInv}
Will     .....                  (boots unavailable)
Stlth    ++........             (no amulet)
HPRegen  0.19/turn              o - +4 ring of protection
MPRegen  0.00/turn              v - +4 ring of evasion

@: flying, invisible
A: fire resistance 2, cold vulnerability 1, float, innate caster, hp casting,
extra vitality 1
a: no special abilities


You were on level 7 of the Dungeon.
You visited 1 branch of the dungeon, and saw 7 of its levels.

You collected 291 gold pieces.
You spent 210 gold pieces at shops.

Inventory:

Hand Weapons
 g - a +2 dagger of draining (weapon)
Armour
 i - a +0 robe of fire resistance (worn)
 y - the +2 pair of gloves "Wyatutwucvo" (worn) {rF+ rN+ SInv}
   (You found it on level 6 of the Dungeon)

   It protects you from fire.
   It protects you from negative energy.
   It lets you see invisible.
 A - a +0 cloak (worn)
Jewellery
 o - a +4 ring of protection (left hand)
 s - a ring of protection from fire
 v - a +4 ring of evasion (right hand)
Wands
 p - a wand of iceblast (3)
 r - a wand of paralysis (17)
Scrolls
 c - 2 scrolls of teleportation
 d - a scroll of holy word {unknown}
 e - a scroll of blinking {unknown}
 f - 3 scrolls of enchant weapon {unknown}
 j - a scroll of torment {unknown}
 k - a scroll of vulnerability {unknown}
 n - 4 scrolls of identify {unknown}
 u - a scroll of summoning
 w - a scroll of magic mapping {unknown}
 x - 3 scrolls of fog {unknown}
 z - a scroll of noise {unknown}
Potions
 a - a potion of brilliance {unknown}
 b - a potion of curing {unknown}
 h - 3 potions of resistance
 l - 2 potions of lignification {unknown}
 m - 4 potions of degeneration {unknown}
 q - 2 potions of attraction {unknown}
 B - a potion of magic {unknown}


   Skills:
 + Level 2.2 Fighting
 + Level 3.9 Dodging
 + Level 3.7 Stealth
 + Level 10.1 Spellcasting


You had 3 spell levels left.
You knew the following spells:

 Your Spells              Type           Power      Damage    Failure   Level
a - Foxfire               Conj/Fire      100%       2x1d9     1%          1
b - Conjure Flame         Conj/Fire      52%        6-21      1%          3
c - Inner Flame           Hex/Fire       52%        N/A       1%          3
d - Sticky Flame          Conj/Fire      52%        2d7       1%          4
e - Fireball              Conj/Fire      26%        3d12      2%          5
f - Shock                 Conj/Air       100%       1d9       1%          1
g - Blink                 Tloc           N/A        N/A       1%          2
h - Dazzling Flash        Conj/Hex       100%       N/A       1%          3
i - Frozen Ramparts       Ice            100%       1d12      1%          3
Your spell library was empty.

Dungeon Overview and Level Annotations

Branches:
Dungeon (7/15)             Temple (0/1) D:5

Altars:
Dithmenos
Makhleb
Vehumet
Wu Jian

Shops:
D:6 *

Annotations:
D:6 1 runed translucent door
D:7 Joseph


Innate Abilities, Weirdness & Mutations

You are immune to poison.
Your flesh is very heat resistant. (rF++)
You are vulnerable to cold. (rC-)
You float through the air rather than walking.
You learn spells naturally, not from books.
Your magical power is your life essence.
You have superior vitality. (+4 HP)


Message History

Casting: Foxfire (safe; 1% risk of failure)
Press: ? - help, Q - select action, (/) - cycle Dir - look around, f - activate You conjure some foxfire!
The foxfire hits Joseph.
Joseph is heavily wounded.
The foxfire hits Joseph.
Joseph is heavily wounded.
Joseph shoots a sling bullet.
The sling bullet hits you!!
Casting: Foxfire (safe; 1% risk of failure)
Press: ? - help, Q - select action, (/) - cycle Dir - look around, f - activate You conjure some foxfire!
The foxfire hits Joseph.
Joseph is heavily wounded.
The foxfire hits Joseph.
Joseph is severely wounded.
Casting: Foxfire (safe; 1% risk of failure)
Press: ? - help, Q - select action, (/) - cycle Dir - look around, f - activate You conjure some foxfire!
The foxfire hits Joseph.
Joseph is severely wounded.
The foxfire hits Joseph.
Joseph is severely wounded.
Unknown command.
Casting: Foxfire (safe; 1% risk of failure)
Confirm with . or Enter, or press ? or * to list all spells.
Aiming: Sticky Flame (dangerous; 1% risk of failure)
Press: ? - help, Shift-Dir - straight line, f - Joseph
Aim: Joseph, wielding a +0 hunting sling, wearing a +2 leather armour of poison resistance and quivering sling bullets (severely wounded, ally target, 100% to hit)
The sticky flame hits Joseph!
Joseph is almost dead.
Joseph is covered in liquid flames!
Joseph burns!
The foxfire hits Joseph.
Joseph is almost dead.
The foxfire hits Joseph.
Joseph is almost dead.
Joseph unwields a +0 hunting sling.
Joseph wields a +0 quarterstaff.
Joseph hits you with a +0 quarterstaff!!
* * * LOW HITPOINT WARNING * * *
You fade into invisibility!
Joseph burns!
Joseph hits you with a +0 quarterstaff!
You die...

...#.........#
...#.........#......
...#.........#......
...###'##...##.....
##......#####.....#
.#......'...#.....#
.#......#...#...J.####..
.'......#...#...@.......
.#......#...#...@.#
.#......#...#...§§#
.#......#####.....#
.#######........### ...#
#........# ...#
#........# ...#
#........# ####
#........# ##########


You could see Joseph (burning) and a jelly.

Vanquished Creatures
  The ghost of Zeld the Shield-Bearer, a novice OpFi (D:6)
  Eustachio (D:5)
  A steam dragon (D:6)
  A black bear (D:6)
  A sky beast (D:6)
  An orc warrior (D:6)
  2 necrophages
  5 ogres
  2 centaurs
  A phantom (D:5)
  A kobold brigand (D:6)
  2 bullfrogs (D:6)
  3 wights (D:6)
  2 bullfrog zombies
  A gnoll shaman (D:6)
  An orc priest (D:5)
  3 jellies
  2 centaur skeletons
  4 iguanas
  2 orc wizards
  Natasha (twice) (D:3)
  A killer bee zombie (D:6)
  6 adders
  4 gnolls (D:6)
  A white imp (D:5)
  An ufetubus (D:4)
  An adder skeleton (D:4)
  4 worms
  2 dart slugs (D:1)
  8 orcs
  7 ball pythons
  3 bats
  6 endoplasms
  4 giant cockroaches
  5 goblins
  5 hobgoblins
  8 jackals
  5 quokkas
  3 frilled lizards
  11 kobolds
  7 rats
131 creatures vanquished.

Vanquished Creatures (others)
  715 foxfires
715 creatures vanquished.

Grand Total: 846 creatures vanquished

Notes
Turn   | Place    | Note
-------+----------+-------------------------------------------
     0 | D:1      | robertstho the Djinni Fire Elementalist began the quest for
                  | the Orb.
     0 | D:1      | Reached XP level 1. HP: 15/15 MP: 0/0
   258 | D:1      | Reached skill level 3 in Spellcasting
   258 | D:1      | Reached XP level 2. HP: 18/21 MP: 0/0
   866 | D:1      | Reached XP level 3. HP: 24/25 MP: 0/0
   866 | D:1      | Learned a level 1 spell: Shock
  2093 | D:2      | Found a faded altar of an unknown god.
  2236 | D:2      | Reached XP level 4. HP: 22/31 MP: 0/0
  2248 | D:2      | Reached skill level 4 in Spellcasting
  3083 | D:3      | Found a shadowy altar of Dithmenos.
  3425 | D:3      | Noticed Natasha
  3429 | D:3      | Killed Natasha
  3430 | D:3      | Reached XP level 5. HP: 31/35 MP: 0/0
  3430 | D:3      | Learned a level 2 spell: Blink
  3469 | D:3      | Noticed Natasha
  3478 | D:3      | Killed Natasha
  3849 | D:4      | Noticed an ogre
  3854 | D:4      | Killed an ogre
  3855 | D:4      | Reached skill level 5 in Spellcasting
  3855 | D:4      | Reached XP level 6. HP: 36/41 MP: 0/0
  3873 | D:4      | Reached skill level 6 in Spellcasting
  3873 | D:4      | Reached XP level 7. HP: 25/46 MP: 0/0
  3873 | D:4      | Learned a level 3 spell: Dazzling Flash
  4255 | D:4      | Reached skill level 1 in Fighting
  4947 | D:4      | Found a burning altar of Makhleb.
  5044 | D:5      | Entered Level 5 of the Dungeon
  5121 | D:5      | Reached skill level 7 in Spellcasting
  5375 | D:5      | Reached XP level 8. HP: 49/52 MP: 0/0
  5433 | D:5      | Found a staircase to the Ecumenical Temple.
  5461 | D:5      | Found an ornate altar of the Wu Jian Council.
  5635 | D:5      | Noticed Eustachio
  5642 | D:5      | Killed Eustachio
  5993 | D:6      | Found a runed translucent door.
  6037 | D:6      | Reached skill level 8 in Spellcasting
  6433 | D:6      | Found Viapivvo's General Store.
  6440 | D:6      | Bought a potion of invisibility for 96 gold pieces
  6440 | D:6      | Bought a scroll of summoning for 114 gold pieces
  6642 | D:6      | Reached XP level 9. HP: 50/58 MP: 0/0
  6642 | D:6      | Learned a level 3 spell: Frozen Ramparts
  6651 | D:6      | Identified the +8 dagger of Jekygena {pain, +Blink rC-
                  | Int-4 Dex+6}
  6774 | D:6      | Reached skill level 9 in Spellcasting
  7535 | D:6      | Identified the +2 pair of gloves "Wyatutwucvo" {rF+ rN+
                  | SInv}
  8095 | D:6      | Found a runed translucent door.
  8101 | D:6      | Noticed Zeld's ghost (novice OpFi)
  8692 | D:6      | Killed Zeld's ghost
  8693 | D:6      | Reached skill level 10 in Spellcasting
  8880 | D:7      | Noticed Joseph
  8896 | D:7      | Mangled by Joseph

Illustrated notes

Levels and vault maps discovered:
D:1:      lemuel_arrival_rhombus, layout_loops_ring, minmay_tiny_reverse_x
D:2:      layout_basic, chequers_ecumenical_altar_simple,
          minmay_splitting_lines, minmay_tetromino_s2
D:3:      layout_rooms, lemuel_doored_altar, uniq_natasha
D:4:      layout_cave_pools, marbit_many_paths
D:5:      layout_cave_pools, nicolae_wu_jian_wuxing_cycle,
          minmay_temple_entry_trees, nicolae_underground_beach, uniq_eustachio
D:6:      minmay_inner_zag, layout_loops_cross, lemuel_round_altar,
          serial_shops, nicolae_shop_statue_plus, ebering_ghost_sewer_f,
          hangedman_decor_points
D:7:      layout_gridville, trog_hazing_becter, uniq_joseph,
          uniq_crazy_yiuf_cottage

Skill      XL: |  1  2  3  4  5  6  7  8  9 |
---------------+----------------------------+-----
Spellcasting   | 3 4 5 6 7 8 10 | 10.1
Stealth        | 2 3 |  3.7
Dodging        | 3 |  3.9
Fighting       | 1 2 |  2.2

Action                   |  1- 3 |  4- 6 |  7- 9 || total
-------------------------+-------+-------+-------++-------
Melee: Unarmed           |     1 |       |       ||     1
       Dagger            |       |       |     2 ||     2
 Cast: Foxfire           |   111 |    77 |   269 ||   457
       Sticky Flame      |       |       |    20 ||    20
  Use: Scroll            |       |       |     1 ||     1
       Potion            |       |       |     1 ||     1
Armor: Robe              |     2 |     1 |    14 ||    17
Dodge: Dodged            |    23 |    10 |    40 ||    73

Table legend: (Time is in decaauts)
 A = Elapsed time spent in this place.
 B = Non-inter-level travel time spent in this place.
 C = Inter-level travel time spent in this place.
 D = Time resting spent in this place.
 E = Time spent auto-exploring this place.
 F = Levels seen in this place.
 G = Mean time per level.
                   A        B        C        D        E       F      G
               +--------+--------+--------+--------+--------+-----+--------+
         Total |   8892 |   8746 |    146 |    776 |   7068 |   7 | 1270.3 |
       Dungeon |   8892 |   8746 |    146 |    776 |   7068 |   7 | 1270.3 |
               +--------+--------+--------+--------+--------+-----+--------+

Top non-repeatable levels by time:
     D:6: 2813 daAuts
     D:1: 1570 daAuts
     D:2: 1343 daAuts
     D:4: 1203 daAuts
     D:5: 944 daAuts
     D:3: 924 daAuts
     D:7: 91 daAuts
